 Dungeon Crawl Stone Soup version 0.18-a0-867-gfd1cc8f (webtiles) character file.

537 timbw the Twirler (level 7, 0/35 HPs)
             Began as a Vine Stalker Wanderer on Dec 21, 2015.
             Was a Follower of Qazlal.
             Slain by an orc wizard
             ... wielding a +0 dagger
              (2 damage)
             ... on level 7 of the Dungeon.
             The game lasted 00:05:14 (956 turns).

timbw the Twirler (Vine Stalker Wanderer)            Turns: 956, Time: 00:05:15

Health: 0/35       AC:  7    Str: 14    XL:     7   Next: 25%
Magic:  0/8        EV: 10    Int: 14    God:    Qazlal [*.....]
Gold:   56         SH:  1    Dex: 14    Spells: 0 memorised, 6 levels left

rFire  . . .     SeeInvis .     a - +2 quarterstaff
rCold  . . .     Gourm    .     c - +0 ring mail
rNeg   . . .     Faith    .     (shield currently unavailable)
rPois  .         Spirit   +     (no helmet)
rElec  .         Dismiss  .     (no cloak)
rCorr  .         Reflect  .     i - +0 pair of gloves
SustAt .         Harm     .     j - +0 pair of boots
MR     .....                    (no amulet)
Stlth  +.........               (no ring)
                                (no ring)

@: not resistant to hostile enchantments, very unstealthy
A: fangs 2, regeneration 2, magic shield, antimagic bite, no device heal 3, rot
immunity
a: Renounce Religion


You were on level 7 of the Dungeon.
You worshipped Qazlal.
Qazlal was aware of your devotion.
You were hungry.

You visited 1 branch of the dungeon, and saw 7 of its levels.

You collected 56 gold pieces.

Inventory:

Hand Weapons
 a - a +2 quarterstaff (weapon)
Armour
 c - a +0 ring mail (worn)
 i - a +0 pair of gloves (worn)
 j - a +0 pair of boots (worn)
Scrolls
 e - 2 scrolls of recharging
 h - a scroll of remove curse
 k - a scroll of teleportation
 m - 2 scrolls of amnesia
Potions
 b - a potion of lignification
 g - a potion of flight
Comestibles
 d - 2 bread rations
 l - 4 meat rations


   Skills:
 - Level 2.6 Fighting
 + Level 7.0 Staves
   Level 1.0 Bows
 - Level 1.0 Throwing
 - Level 1.5 Armour
 - Level 1.2 Stealth


You had 6 spell levels left.
You didn't know any spells.

Dungeon Overview and Level Annotations

Branches:
Dungeon (7/15)
 Temple: D:4-7

Altars:
Qazlal
The Shining One

Portals:
Ossuary: D:4

Annotations:
D:2 Sigmund


Innate Abilities, Weirdness & Mutations

You have extremely sharp teeth.
You heal very quickly.
When hurt, damage is shared between your health and your magic reserves.
Your bite disrupts and absorbs the magic of your enemies.
Potions and wands cannot restore your health.
You are immune to rotting.


Message History

The puff of flame hits something.
Reactivating autopickup.
You feel a bit more experienced.
You bump into the rock wall.
You bump into the rock wall.
Something hits you.
* * * LOW HITPOINT WARNING * * *
Deactivating autopickup; reactivate with Ctrl-A.
You bump into the rock wall.
The orc wizard points at you and mumbles some strange words.
The magic dart hits something.
Something hits you but does no damage.
You completely miss something.
You hear some strange, mumbled words.
A puff of flame appears from out of thin air!
The puff of flame hits you!
* * * LOW HITPOINT WARNING * * *
You barely miss something. Your bite misses something.
You feel less confused.
The orc wizard gestures at you while chanting.
Something hits you.
You die...

.# #.# #.# ###.#
...# ####..# #oo...#
#)#.o.# #@#oZ.####
#.#.o)..[#
#)#....#.####
#.##........#
#.####.#.##.# #.#
#.#.##.# #.#
#.#o##.# #.#
#.#.##?#
###.####.#.##.######


You could see an orc wizard and an orc.

Vanquished Creatures
  A sky beast (D:6)
  An ogre (D:7)
  A giant frog (D:7)
  A water moccasin skeleton (D:6)
  A centaur zombie (D:7)
  2 worker ants (D:6)
  Ijyb (D:2)
  3 orc wizards
  An adder (D:2)
  An adder zombie (D:6)
  2 giant geckos
  9 orcs
  5 giant cockroaches
  6 hobgoblins
  A quokka (D:2)
  3 goblins
  2 rats (D:1)
41 creatures vanquished.

Vanquished Creatures (others)
  An orc wizard (D:7)
1 creature vanquished.

Grand Total: 42 creatures vanquished

Notes
Turn   | Place    | Note
--------------------------------------------------------------
     0 | D:1      | timbw the Vine Stalker Wanderer began the quest for the Orb.
     0 | D:1      | timbw set off with: a +2 quarterstaff, a potion of lignification, a +0 ring mail, a bread ration
     0 | D:1      | Reached XP level 1. HP: 11/11 MP: 2/2
    88 | D:1      | Reached XP level 2. HP: 16/16 MP: 3/3
   200 | D:2      | Noticed Sigmund
   219 | D:1      | Reached skill level 3 in Staves
   226 | D:2      | Found a stormy altar of Qazlal.
   228 | D:2      | Noticed Ijyb
   241 | D:2      | Killed Ijyb
   241 | D:2      | Reached XP level 3. HP: 17/19 MP: 2/4
   247 | D:2      | Became a worshipper of Qazlal Stormbringer
   338 | D:4      | Reached XP level 4. HP: 21/23 MP: 5/5
   351 | D:4      | Found a sand-covered staircase.
   396 | D:5      | Entered Level 5 of the Dungeon
   449 | D:5      | Found a glowing golden altar of the Shining One.
   494 | D:6      | Reached skill level 4 in Staves
   498 | D:6      | HP: 1/34 [worker ant (3)]
   502 | D:6      | Reached XP level 5. HP: 3/27 MP: 2/6
   629 | D:7      | Noticed a sky beast
   629 | D:7      | Reached skill level 5 in Staves
   649 | D:6      | Killed a sky beast
   649 | D:6      | Gained mutation: You heal very quickly. [Vine Stalker growth]
   649 | D:6      | Reached XP level 6. HP: 13/32 MP: 3/7
   668 | D:6      | Reached skill level 6 in Staves
   675 | D:6      | Reached * piety under Qazlal
   926 | D:7      | Reached XP level 7. HP: 22/35 MP: 8/8
   949 | D:7      | Reached skill level 7 in Staves
   956 | D:7      | Slain by an orc wizard

Vault maps used:
D:1:      moated_graveyard_arrival
D:2:      lemuel_crystal_altar, grunt_ministairs_14, uniq_natasha, uniq_iyjb,
          uniq_jessica, uniq_sigmund
D:3:      first_bread, corner_web_ring, minmay_misc_feat_tower
D:4:      minmay_temple_entry_statues_fountains, nicolae_ossuary_entry_giza,
          fedhas_altar_2
D:5:      lemuel_crystal_altar, serial_bayou_lake_a
D:6:      grunt_temple_overflow_open, kennysheep_generic_room_16

Action                   |  1- 3 |  4- 6 |  7- 9 || total
-------------------------+-------+-------+-------++-------
Melee: Quarterstaff      |    61 |    96 |    15 ||   172
  Use: Potion            |       |     2 |       ||     2
       Scroll            |       |     6 |       ||     6
